Map: Newkirk Precinct TE (Void)

Players

Musumeci - Winner!

  • Race: Zerg Zerg
  • League: Diamond
  • Spawn Location: 5:00

Mao

  • Race: Terran Terran
  • League: Diamond
  • Spawn Location: 7:00

VOD

Have the link to the VOD?

Description

Time

  • Played on: Jan. 24, 2017, 3:41 p.m.
  • Length: 15:06
Show
View Real Time Build Order
Export as new Build Order

Musumeci Zerg - Winner!

Build Orders: Hatch First 

Get SALT Encoding   

  12  0:09  Drone  
  12  0:10  Drone  
  14  0:16  Drone, Extractor  
  15  0:43  Hatchery  
  15  0:48  Drone, Extractor  
  15  1:02  Spawning Pool  
  14  1:13  Extractor  
  14  1:14  Drone x2, Extractor  
  16  1:19  Overlord  
  16  1:38  Drone x2  
  18  1:48  Drone  
  18  1:50  Queen  
  21  1:55  Queen  
  21  1:57  Drone  
  21  1:59  Drone  
  25  2:05  Overlord  
  25  2:09  Drone  
  26  2:26  Queen  
  28  2:30  Queen, Drone  
  28  2:31  Drone  
  32  2:39  Extractor  
  32  2:40  Overlord  
  32  2:41  Drone  
  33  2:45  Drone x2  
  33  2:50  Drone  
  35  2:51  Drone  
  36  2:59  Overlord  
  36  3:02  Drone x3  
  39  3:19  Drone  
  40  3:20  Drone x2  
  40  3:24  Extractor  
  40  3:25  Extractor  
  40  3:26  Hatchery  
  39  3:28  Roach Warren  
  38  3:47  Evolution Chamber  
  37  3:48  Evolution Chamber, Zergling x2  
  37  3:58  Drone x3  
  37  3:59  Drone  
  41  4:40  Drone x5  
  41  4:42  Roach x6  
  58  5:00  Overlord  
  58  5:01  Overlord x2, Spore Crawler  
  58  5:02  Spore Crawler  
  58  5:03  Lair, Spore Crawler  
  58  5:05  Drone x3  
  58  5:06  Drone, Spore Crawler  
  58  5:07  Extractor  
  58  5:10  Drone  
  58  5:11  Extractor  
  57  5:15  Drone  
  58  5:39  Overlord x2  
  58  5:41  Drone x3  
  61  5:44  Drone  
  61  5:45  Drone x3  
  61  5:46  Drone x2  
  61  5:47  Drone, Zerg Ground Armor Level 1, Zerg Missile Weapons Level 1  
  68  5:56  Roach x3  
  73  6:00  Extractor  
  72  6:12  Glial Reconstitution  
  72  6:25  Roach x3  
  74  6:43  Drone x9  
  74  6:44  Drone x6  
  89  6:47  Overlord x4, Extractor  
  89  6:50  Ravager  
  89  7:06  Drone x3  
  92  7:09  Ravager x2  
  92  7:15  Overlord x3  
  94  7:21  Drone x2  
  94  7:22  Drone  
  97  7:24  Drone x3  
  102  7:37  Roach x13  
  102  7:42  Extractor  
  125  7:46  Hatchery  
  125  7:48  Extractor  
  119  7:56  Drone x3  
  119  7:57  Drone x2  
  122  7:59  Drone  
  122  8:04  Zerg Missile Weapons Level 2, Zerg Ground Armor Level 2  
  123  8:08  Infestation Pit, Tunneling Claws  
  123  8:09  Burrow  
  122  8:14  Drone x3  
  122  8:15  Drone x3  
  128  8:25  Zergling x2  
  129  8:29  Ravager x4  
  129  8:30  Roach  
  129  8:32  Overlord x4  
  135  8:38  Drone x2  
  137  8:50  Spine Crawler, Drone x2  
  137  8:51  Spine Crawler, Drone  
  137  8:52  Drone x3  
  137  8:55  Ravager x5  
  141  9:18  Ravager  
  141  9:19  Ravager  
  141  9:21  Ravager  
  144  9:27  Ravager x6  
  144  9:30  Overlord  
  150  9:32  Overlord x3  
  150  9:33  Overlord  
  150  9:34  Drone  
  151  9:48  Spine Crawler  
  150  9:53  Spore Crawler  
  150  9:54  Spore Crawler  
  150  9:57  Spine Crawler  
  150  9:58  Spine Crawler  
  150  9:59  Spine Crawler  
  133  10:00  Roach x16  
  133  10:01  Roach x6  
  167  10:32  Roach  
  167  10:35  Roach  
  167  10:39  Roach x2  
  167  10:41  Ravager x6  
  167  10:42  Ravager x2  
  175  10:45  Roach  
  175  10:49  Roach  
  175  11:09  Roach x4  
  175  11:15  Roach x2  
  173  11:27  Roach  
  173  11:28  Roach x2  
  165  11:40  Roach x3  
  165  11:41  Roach x4  
  179  11:48  Hive  
  143  12:26  Roach x19  
  143  12:27  Roach  
  143  12:28  Roach  
  179  13:02  Extractor x2  
  172  13:11  Spore Crawler  
  169  13:34  Hatchery  
  169  13:39  Roach x15  
  191  13:50  Hatchery  
  164  13:59  Roach x3  
  164  14:00  Roach x16  
  194  14:13  Roach x2  
  198  14:17  Drone  
  189  14:43  Roach  
Show
View Real Time Build Order
Export as new Build Order

Mao Terran 

Build Orders: MMM Bio 

Get SALT Encoding   

  12  0:00  SCV  
  13  0:13  SCV  
  14  0:18  Supply Depot  
  14  0:25  SCV  
  15  0:40  SCV, Barracks  
  16  0:45  Refinery  
  16  0:52  SCV  
  17  1:04  SCV  
  18  1:16  SCV  
  19  1:28  Orbital Command  
  19  1:38  Barracks Tech Lab  
  19  1:42  Refinery  
  19  1:52  Command Center  
  19  1:57  SCV  
  20  2:04  Stimpack  
  20  2:14  Marine  
  21  2:17  Supply Depot  
  21  2:31  SCV  
  21  2:35  Factory  
  22  2:39  Marine  
  23  2:46  Barracks  
  23  2:52  SCV  
  24  3:04  SCV  
  25  3:08  Marine  
  26  3:16  SCV  
  27  3:21  Factory Reactor  
  27  3:22  Starport  
  27  3:23  Orbital Command  
  27  3:29  Marine  
  27  3:33  SCV  
  29  3:35  Barracks Reactor  
  29  3:46  SCV  
  30  3:50  Marine  
  30  3:54  SCV  
  32  3:58  SCV  
  33  4:04  Engineering Bay  
  33  4:08  SCV  
  34  4:10  SCV  
  34  4:11  Medivac x2  
  34  4:12  Marine  
  40  4:19  Combat Shields  
  40  4:20  Marine  
  40  4:21  SCV  
  40  4:22  Marine  
  43  4:25  SCV  
  44  4:33  Missile Turret  
  44  4:36  Marine  
  44  4:38  Marine  
  46  4:47  Supply Depot  
  46  4:56  Missile Turret  
  46  4:57  Missile Turret  
  46  5:07  Terran Infantry Weapons Level 1  
  46  5:08  Widow Mine, Marine x3  
  46  5:10  Supply Depot  
  51  5:16  Barracks  
  51  5:17  Barracks  
  51  5:26  Barracks, Marine x2  
  53  5:33  Marine  
  54  5:44  Marine x2  
  54  5:45  Armory  
  54  5:48  Engineering Bay  
  56  5:51  Marine  
  57  6:02  Marine  
  58  6:07  Barracks Reactor  
  58  6:09  Barracks Reactor  
  58  6:15  Barracks Reactor  
  58  6:16  Medivac x2  
  58  6:18  Terran Infantry Armor Level 1  
  62  6:19  Supply Depot  
  60  6:39  Marine x2  
  56  6:40  SCV x2  
  56  6:43  Supply Depot  
  58  6:48  Command Center, Supply Depot  
  58  6:49  Marine  
  58  6:50  Marine x3  
  62  7:00  Marine x4  
  66  7:05  Supply Depot  
  66  7:06  SCV  
  67  7:12  Marine x2  
  67  7:13  Marine  
  70  7:20  Marine  
  70  7:21  Marine x3  
  74  7:27  Terran Infantry Weapons Level 2  
  74  7:31  Marine  
  74  7:32  Marine  
  75  7:55  Marauder, Marine x4  
  75  7:56  Marine x2  
  75  7:57  Concussive Shells  
  76  8:02  Medivac, Supply Depot x2  
  76  8:03  Supply Depot  
  78  8:06  Marine x2  
  80  8:14  SCV  
  80  8:15  Terran Infantry Armor Level 2  
  81  8:20  Medivac  
  81  8:22  Marine  
  84  8:29  Marauder, Marine  
  87  8:37  Orbital Command  
  87  8:42  Marine  
  87  8:45  Marine x2  
  90  8:51  Marauder, SCV x2  
  93  9:03  SCV  
  87  9:18  Medivac x2  
  91  9:27  Marauder, Marine x5  
  98  9:31  Barracks  
  98  9:33  Barracks, Marine, Supply Depot  
  98  9:34  Barracks, Marine x2  
  101  9:45  Marine x2  
  103  9:48  Marauder, Medivac  
  107  9:59  Marine x2  
  91  10:00  Marine x4  
  91  10:03  Marine  
  91  10:06  Marine  
  78  10:10  Marauder  
  80  10:17  Marine x3  
  80  10:18  Marine  
  80  10:20  Marine  
  85  10:21  Barracks Tech Lab  
  85  10:22  Barracks Tech Lab x2  
  85  10:29  Marine x3  
  85  10:35  Terran Infantry Weapons Level 3, Marine x3  
  91  10:43  Refinery  
  91  10:44  Refinery  
  91  10:47  Marauder x2  
  91  10:48  Marauder x2, Marine x4  
  91  10:49  Marine  
  104  10:51  SCV  
  104  10:52  SCV  
  104  10:53  Marine  
  107  10:57  Missile Turret  
  106  11:09  Marauder  
  107  11:18  SCV x2  
  107  11:19  SCV  
  107  11:21  Marauder, Marine  
  107  11:22  Marauder x2, Marine x4  
  121  11:30  Marauder, SCV x2  
  121  11:31  SCV  
  126  11:37  Missile Turret  
  126  11:40  Marine  
  126  11:41  Marine x2  
  126  11:42  SCV  
  126  11:43  Marauder x2, SCV x2  
  133  12:10  Marauder x4  
  133  12:15  Marine  
  140  12:16  Marine x2  
  140  12:17  Marine  
  115  12:31  Marauder x2  
  115  12:32  Marauder x2  
  123  12:44  Marine  
  124  12:52  Marine x2  
  124  12:53  Marauder x4  
  134  13:04  Missile Turret  
  134  13:14  Marauder  
  134  13:15  Missile Turret  
  134  13:17  Missile Turret  
  134  13:18  Marauder, Marine  
  134  13:19  Marauder  
  141  13:30  Supply Depot x2  
  141  13:32  Marine x2  
  141  13:38  Marine  
  141  13:47  Marauder  
  141  13:48  Marine  
  115  14:01  Marauder x3, Marine x4  
  105  14:08  Marauder  
  100  14:19  Marine  
  100  14:22  Marauder x3  
  100  14:24  Marine  
  107  14:30  Marauder  
  105  14:43  Marauder  
  105  14:44  Marauder x2  
  105  14:45  Marine x7  
  111  14:46  Marine  
Tags
 
Add a new tag
Caveats
  • Supply blocks, unpowered buildings, or Contaminate may cause inaccurate times.
  • Supply counts are checked every 10 seconds.